 Dungeon Crawl Stone Soup version 0.17.1-1-g73c8601 (webtiles) character file.

331 FloraKitsune the Sneak (level 6, -2/32 HPs)
             Began as a Kobold Enchanter on Dec 25, 2015.
             Killed from afar by an orc wizard (7 damage)
             ... with a magic dart
             ... on level 3 of the Dungeon.
             The game lasted 00:16:12 (4438 turns).

FloraKitsune the Sneak (Kobold Enchanter)           Turns: 4438, Time: 00:16:12

Health: -2/32      AC:  4    Str:  6    XL:     6   Next: 82%
Magic:  6/9        EV: 15    Int: 13    God:
Gold:   101        SH:  0    Dex: 19    Spells: 3 memorised, 3 levels left

rFire  . . .     SeeInvis .     a - +1 dagger
rCold  + . .     Clarity  .     b - +1 robe
rNeg   . . .     SustAt   +     (shield restricted)
rPois  .         Gourm    .     v - +1 hat
rElec  .         Spirit   .     (no cloak)
rCorr  .         Warding  .     (no gloves)
rMut   .         Stasis   .     (no boots)
MR     .....                    (no amulet)
Stlth  +++++.....               x - ring of protection from cold
                                n - ring of sustain attributes

@: very slightly contaminated, not resistant to hostile enchantments, quite
stealthy
A: carnivore 3
a: no special abilities


You were on level 3 of the Dungeon.
You were completely stuffed.

You visited 1 branch of the dungeon, and saw 3 of its levels.

You collected 101 gold pieces.

Inventory:

Hand Weapons
 a - a +1 dagger (weapon)
Armour
 b - a +1 robe (worn)
 h - a +0 buckler
 v - a +1 hat (worn)
Jewellery
 n - a ring of sustain attributes (left hand)
 x - a ring of protection from cold (right hand)
Scrolls
 e - 3 scrolls of identify {unknown}
 f - a scroll of remove curse
 i - 3 scrolls of teleportation
 j - a scroll of enchant armour
 k - a scroll of magic mapping {unknown}
 l - a scroll of noise {unknown}
 q - a scroll of fear {unknown}
 w - a scroll of blinking {unknown}
Potions
 m - a potion of mutation {unknown}
 o - a potion of curing
 p - a potion of agility {unknown}
 s - a potion of brilliance {unknown}
 t - a potion of poison
Books
 c - a book of Maledictions

   Spells                             Type                      Level
   a - Corona                         Hexes                        1
   b - Ensorcelled Hibernation        Hexes/Ice                    2
   c - Confuse                        Hexes                        3
   d - Tukima's Dance                 Hexes                        3
   e - Dazzling Spray                 Conjuration/Hexes            3
Comestibles
 d - a meat ration
 g - 3 fruits
 r - a beef jerky
 u - a chunk of flesh


   Skills:
 - Level 1.3 Short Blades
 - Level 2.4 Dodging
 + Level 7.9 Stealth
 - Level 2.0 Spellcasting
 + Level 5.2 Hexes


You had 3 spell levels left.
You knew the following spells:

 Your Spells              Type           Power        Failure   Level  Hunger
a - Corona                Hex            ##.....      3%          1    ##.....
b - Ensorcelled Hibernat  Hex/Ice        #.....       14%         2    ###....
c - Confuse               Hex            ##......     12%         3    ####...


Dungeon Overview and Level Annotations

Branches:
Dungeon (3/15)

Altars:
Yredelemnul


Innate Abilities, Weirdness & Mutations

You are small and have problems with some larger weapons.
You are carnivorous and can eat meat at any time.


Message History

The orc wizard is almost dead.
The orc wizard gestures at you while chanting.
The magic dart hits you!
* * * LOW HITPOINT WARNING * * *
The orc wizard hits you with an enchanted dagger.
* * * LOW HITPOINT WARNING * * *
Drink which item? (? for menu, Esc to quit)
It was a potion of poison.
That liquid tasted very nasty...
You are lethally poisoned!
* * * LOW HITPOINT WARNING * * *
You feel sick.
The orc wizard hits you but does no damage.
Drink which item? (? for menu, Esc to quit)
It was a potion of curing.
You feel better.
The orc wizard hits you with an enchanted dagger.
* * * LOW HITPOINT WARNING * * *
The orc wizard points at you and mumbles some strange words.
The magic dart hits you!
You die...

#. #..#########.....#.#
#. #.#
#................#.# #.
...#.# #######.....#.# #.
#.#o## #.....#.##### #.
#....## #######.....###.
#...o.# #####.....
#....J# ### #####.
#.###.# ##o## ##
#.###.####.#@##
#.....J..o###.##
#####.##.## ##.### #.).##
##..# #.##.## ##.#.#
#.###(###.##.############
..# ##(#.###.##..........
..# ##(## #.##.#########
.. #.####.##.#


You could see an orc wizard.

Vanquished Creatures
  The ghost of PinkishYellow the Caller, an amateur DESu (D:3)
  A sky beast (D:3)
  3 adders
  3 gnolls (D:2)
  An ooze (D:1)
  4 worms
  5 giant geckos
  2 orcs (D:3)
  7 bats
  2 giant cockroaches
  7 goblins
  10 hobgoblins
  7 kobolds
  A quokka (D:2)
  A ball python (D:1)
  2 giant newts
  5 rats
62 creatures vanquished.

Notes
Turn   | Place    | Note
--------------------------------------------------------------
     0 | D:1      | FloraKitsune the Kobold Enchanter began the quest for the Orb.
     0 | D:1      | Reached XP level 1. HP: 10/10 MP: 3/3
   324 | D:1      | Reached XP level 2. HP: 12/15 MP: 3/5
   634 | D:1      | Learned a level 2 spell: Ensorcelled Hibernation
  1078 | D:1      | Reached XP level 3. HP: 19/19 MP: 6/6
  1335 | D:1      | Reached skill level 5 in Stealth
  2332 | D:1      | Learned a level 3 spell: Confuse
  2844 | D:2      | Reached XP level 4. HP: 24/24 MP: 4/7
  3314 | D:2      | Reached skill level 6 in Stealth
  3580 | D:3      | Noticed a sky beast
  3586 | D:3      | Killed a sky beast
  3586 | D:3      | Reached skill level 7 in Stealth
  3586 | D:3      | Reached XP level 5. HP: 28/28 MP: 3/8
  3642 | D:3      | Noticed PinkishYellow's ghost (amateur DESu)
  3654 | D:3      | Killed PinkishYellow's ghost
  3654 | D:3      | Reached skill level 5 in Hexes
  3654 | D:3      | Reached XP level 6. HP: 26/32 MP: 5/9
  3723 | D:2      | Found a basalt altar of Yredelemnul.
  4437 | D:3      | HP: 1/32 [poison (a potion of poison)]
  4438 | D:3      | Killed from afar by an orc wizard

Action                   |  1- 3 |  4- 6 || total
-------------------------+-------+-------++-------
Melee: Dagger            |    93 |    85 ||   178
 Cast: Corona            |     7 |       ||     7
       Ensorcelled Hiber |    13 |    20 ||    33
       Confuse           |     1 |     2 ||     3
  Use: Scroll            |       |     3 ||     3
       Potion            |       |     2 ||     2
 Stab: Sleeping          |    13 |    19 ||    32
       Confused          |       |     3 ||     3
  Eat: Chunk             |    15 |     8 ||    23
